 Dungeon Crawl Stone Soup version 0.29.1-13-g9f3cf754e1 (webtiles) character file.

Game seed: 11777832142537527364

2540 wolfrpgdude the Protected (level 9, -4/82 HPs)
             Began as a Minotaur Fighter on Feb 11, 2023.
             Was a Believer of Okawaru.
             Slain by a killer bee (6 damage)
             ... on level 8 of the Dungeon.
             The game lasted 00:10:42 (4996 turns).

wolfrpgdude the Protected (Minotaur Fighter)        Turns: 4996, Time: 00:10:43

Health: -4/82      AC:  8    Str: 25    XL:     9   Next: 30%
Magic:  8/8        EV:  8    Int:  5    God:    Okawaru [**....]
Gold:   1100       SH:  6    Dex: 16    Spells: 8/8 levels left

rFire   . . .      SeeInvis .   r - +4 spear (vorpal)
rCold   . . .      Faith    .   c - +0 buckler
rNeg    . . .      Spirit   .   C - +0 chain mail
rPois   .          Reflect  .   i - +2 hat {Will+}
rElec   .          Harm     .   (no cloak)
rCorr   .          Rampage  .   (no gloves)
Will    +....                   h - +2 pair of boots
Stlth   ..........              (no amulet)
HPRegen 0.23/turn               l - +4 ring of slaying
MPRegen 0.11/turn               x - +6 ring of dexterity

@: lethally poisoned (-4 -> -7), corroded
A: horns 2, retaliatory headbutt
a: Renounce Religion, Heroism


You were on level 8 of the Dungeon.
You worshipped Okawaru.
Okawaru was pleased with you.
You visited 2 branches of the dungeon, and saw 9 of its levels.

You collected 1100 gold pieces.

Inventory:

Hand Weapons
 r - a +4 vorpal spear (weapon)
Armour
 c - a +0 buckler (worn)
 h - a +2 pair of boots (worn)
 i - a +2 hat of willpower (worn)
 C - a +0 chain mail (worn)
Jewellery
 l - a +4 ring of slaying (left hand)
 x - a +6 ring of dexterity (right hand)
Wands
 a - a wand of iceblast (11)
 j - a wand of mindburst (9)
 u - a wand of flame (11)
Scrolls
 m - 5 scrolls of identify
 o - 2 scrolls of teleportation
 p - a scroll of blinking
 w - a scroll of amnesia
 y - a scroll of magic mapping {unknown}
 A - a scroll of acquirement
Potions
 d - 2 potions of might
 e - 2 potions of brilliance
 f - 4 potions of degeneration {unknown}
 k - a potion of berserk rage {unknown}
 n - 4 potions of flight {unknown}
 q - a potion of ambrosia {unknown}
 s - 2 potions of attraction {unknown}
 t - a potion of heal wounds
 v - 2 potions of curing {unknown}
 z - a potion of resistance {unknown}
 B - a potion of mutation {unknown}


   Skills:
 + Level 8.4 Fighting
 + Level 8.0 Long Blades
 + Level 8.4 Armour
 + Level 8.3 Shields


You had 8 spell levels left.
You didn't know any spells.
Your spell library contained the following spells:

 Spells                   Type           Power      Damage    Failure   Level
 Blink                    Tloc           0%         N/A       99%         2
 Lesser Beckoning         Tloc           0%         N/A       100%        3
 Olgreb's Toxic Radiance  Pois           0%         N/A       100%        4
 Passage of Golubria      Tloc           0%         N/A       100%        4
 Freezing Cloud           Conj/Ice/Air   0%         6-21      100%        5
 Manifold Assault         Tloc           0%         N/A       100%        5
 Yara's Violent Unravell  Hex/Tmut       0%         3d3       100%        5
 Ozocubu's Refrigeration  Ice            0%         4d7       100%        7
 Ignition                 Fire           0%         3d3       100%        8
 Polar Vortex             Ice            0%         N/A       100%        9
 Tukima's Dance           Hex            Unusable   N/A       N/A         3
 Simulacrum               Ice/Necr       Unusable   N/A       N/A         6

Dungeon Overview and Level Annotations

Branches:
Dungeon (8/15)             Temple (1/1) D:4
   Lair: D:8-11

Altars:
Ashenzari
Cheibriados
Elyvilon
Fedhas
Gozag
Hepliaklqana
Kikubaaqudgha
Makhleb
Nemelex Xobeh
Okawaru
Sif Muna
Trog
Uskayaw
Vehumet
Wu Jian
Yredelemnul
Zin

Shops:
D:5 *

Annotations:
D:5 exclusion: statue


Innate Abilities, Weirdness & Mutations

You have a pair of horns on your head.
You reflexively headbutt those who attack you in melee.


Message History

The killer bee stings you!
* * * LOW HITPOINT WARNING * * *
You are more poisoned.
The killer bee poisons you!
Things that are here:
a +0 mace; an orc corpse You feel much better.
You feel very sick.
The killer bee stings you but does no damage.
The killer bee closely misses you.
A yak comes into view.
The killer bee attacks as you move away!
You block the killer bee's attack.
You feel sick. The killer bee stings you.
* * * LOW HITPOINT WARNING * * *
The killer bee stings you but does no damage.
You feel sick. You block the killer bee's attack.
The killer bee barely misses you. You furiously retaliate!
You headbutt the killer bee, but do no damage.
The killer bee barely misses you. You furiously retaliate!
You headbutt the killer bee!
The killer bee attacks as you move away!
You block the killer bee's attack.
You feel sick. You block the killer bee's attack.
A yak comes into view.
The yak gores you!
* * * LOW HITPOINT WARNING * * *
The yak attacks as you move away! You block the yak's attack.
A killer bee comes into view.
You feel sick. You block the killer bee's attack. x2
You barely miss the killer bee.
The killer bee is almost dead.
You feel sick.
The yak bellows!
You block the killer bee's attack. The killer bee stings you.
* * * LOW HITPOINT WARNING * * *
The killer bee stings you!
* * * LOW HITPOINT WARNING * * *
The killer bee stings you but does no damage.
You block the killer bee's attack. The killer bee stings you.
You die...

.....# .# ...#..###.#
#....... .. ##.#...# .# #
......# .###.#.
#####.##..##.......
########...#.#........#.#
..........).yyy.).....?#
.......)))..y@yY..YY.....
###.###.###.#y####.......
##.#........##.#.#
####..#
.......!.##.##.#.. ..
#.####.###......## .
##.....#.#.# ##.....#.#.#
#....#.# #.# #....+.#


You could see 3 yaks and 6 killer bees.

Vanquished Creatures
  A hornet (D:7)
  Grinder (D:4)
  An acid dragon (D:8)
  Duvessa (D:7)
  An orc warrior (D:8)
  A sky beast (D:6)
  A centaur (D:6)
  A kobold brigand (D:6)
  A bullfrog (D:7)
  4 scorpions
  4 wights (D:5)
  Dowan (D:7)
  5 killer bees (D:7)
  2 howler monkeys (D:8)
  5 orc priests
  5 hounds
  A gnoll bouda (D:5)
  5 orc wizards
  An iguana (D:6)
  11 gnolls
  6 adders
  An ufetubus (D:7)
  2 adder zombies (D:4)
  3 worms
  5 dart slugs
  19 orcs
  10 bats
  2 endoplasms
  4 giant cockroaches (D:1)
  3 goblins
  8 hobgoblins
  3 jackals (D:4)
  4 quokkas
  4 ball pythons
  6 frilled lizards
  7 kobolds
  4 rats
144 creatures vanquished.

Vanquished Creatures (others)
  2 fungi (D:7)
2 creatures vanquished.

Grand Total: 146 creatures vanquished

Notes
Turn   | Place    | Note
-------+----------+-------------------------------------------
     0 | D:1      | wolfrpgdude the Minotaur Fighter began the quest for the
                  | Orb.
     0 | D:1      | Reached XP level 1. HP: 19/19 MP: 0/0
    23 | D:1      | Found a faded altar of an unknown god.
   137 | D:1      | Reached XP level 2. HP: 26/27 MP: 1/1
   518 | D:2      | Reached XP level 3. HP: 32/33 MP: 2/2
   962 | D:3      | Reached XP level 4. HP: 38/41 MP: 3/3
  1336 | D:3      | Found a faded altar of an unknown god.
  1341 | D:3      | Found a blossoming altar of Fedhas.
  1442 | D:4      | Reached XP level 5. HP: 43/47 MP: 4/4
  1517 | D:4      | Reached skill level 5 in Fighting
  1537 | D:4      | Reached skill level 5 in Armour
  1679 | D:4      | Reached skill level 5 in Shields
  1711 | D:4      | Noticed Grinder
  1721 | D:4      | Killed Grinder
  1722 | D:4      | Reached XP level 6. HP: 41/56 MP: 5/5
  1816 | D:4      | Reached skill level 5 in Long Blades
  1816 | D:4      | Reached XP level 7. HP: 61/62 MP: 6/6
  1964 | D:4      | Found a basalt altar of Yredelemnul.
  2004 | D:4      | Found a staircase to the Ecumenical Temple.
  2016 | Temple   | Entered the Ecumenical Temple
  2073 | Temple   | Became a worshipper of Warmaster Okawaru
  2396 | D:5      | Entered Level 5 of the Dungeon
  2731 | D:5      | Reached * piety under Okawaru
  2770 | D:5      | Identified a scroll of acquirement
  2770 | D:5      | Acquired 817 gold pieces
  3044 | D:5      | Found Apheiwu's Overcharged Wands.
  3234 | D:5      | Found a radiant altar of Vehumet.
  3364 | D:6      | Reached XP level 8. HP: 55/71 MP: 7/7
  3667 | D:6      | Found an opulent altar of Gozag.
  3907 | D:6      | Found a hide-covered altar of Uskayaw.
  4156 | D:7      | Noticed Duvessa
  4156 | D:7      | Noticed Dowan
  4164 | D:7      | Killed Duvessa
  4165 | D:7      | Killed Dowan
  4196 | D:7      | Noticed a hornet
  4206 | D:7      | Killed a hornet
  4206 | D:7      | Reached ** piety under Okawaru
  4370 | D:7      | Reached XP level 9. HP: 59/81 MP: 8/8
  4586 | D:7      | Found a shimmering blue altar of Sif Muna.
  4996 | D:8      | HP: 2/82 [killer bee (7)]
  4996 | D:8      | Slain by a killer bee

Illustrated notes

Levels and vault maps discovered:
D:1:      ncdulo_smallfort, layout_rooms, ebering_ecumenical_altar_webs,
          corexii_item_surrounded_by_moat
D:2:      layout_rooms
D:3:      layout_rooms, nicolae_overflow_ecumenical_swirl,
          minmay_misc_feat_four_crosses
D:4:      layout_basic, lemuel_zombie_altar_yredelemnul, temple_hall,
          dreamdust_gnoll_farm, uniq_grinder
D:5:      layout_rooms, vehumet_statue, nicolae_shop_overcharged_wands
D:6:      layout_basic, nicolae_uskayaw_dance_studio,
          mainiacjoe_overflow_brackets, minmay_holes
D:7:      layout_loops_ring, mainiacjoe_overflow_tiny_flanked, uniq_duvessa
D:8:      layout_basic, nicolae_overflow_hidden_temple, serial_shops,
          nicolae_shop_trees
Temple:   grunt_temple_mini_profane

Skill      XL: |  1  2  3  4  5  6  7  8  9 |
---------------+----------------------------+-----
Fighting       | 4 5 6 8 |  8.4
Armour         | 4 5 6 8 |  8.4
Shields        | 4 5 6 7 8 |  8.3
Long Blades    | 3 4 5 6 7 8 |  8.0

Action                   |  1- 3 |  4- 6 |  7- 9 || total
-------------------------+-------+-------+-------++-------
Melee: Long sword        |   105 |    14 |       ||   119
       Headbutt          |    19 |     7 |    42 ||    68
       Spear             |       |    43 |   188 ||   231
Evoke: Wand              |       |       |     3 ||     3
  Use: Scroll            |     6 |     2 |     4 ||    12
       Potion            |       |       |     1 ||     1
Armor: Scale mail        |    63 |    17 |    40 ||   120
       Chain mail        |       |       |    52 ||    52
Dodge: Dodged            |    71 |    29 |    72 ||   172
Block: Buckler           |    24 |     8 |    61 ||    93
